 Dungeon Crawl Stone Soup version 0.31-a0-188-g5e087ee2ca (webtiles) character file.

Game seed: 4879797851483619437

44 qw the Shooter (level 3, 0/20 HPs)
             Began as a Deep Elf Hunter on June 22, 2023.
             Slain by Natasha (6 damage)
             ... on level 2 of the Dungeon.
             The game lasted 00:00:20 (856 turns).

qw the Shooter (Deep Elf Hunter)                     Turns: 856, Time: 00:00:20

Health: 0/20       AC:  6    Str: 10    XL:     3   Next: 39%
Magic:  5/5        EV:  9    Int: 13    God:
Gold:   16         SH:  0    Dex: 18    Spells: 2/2 levels left

rFire   . . .        Y - +0 shortbow
rCold   . . .        (shield currently unavailable)
rNeg    . . .        f - +0 scale mail
rPois   .            (no helmet)
rElec   .            (no cloak)
rCorr   .            (no gloves)
SInv    .            (no boots)
Will    .....        (no amulet)
Stlth   +            (no ring)
HPRegen 0.23/turn    (no ring)
MPRegen 0.09/turn

%: no passive effects
@: about to teleport
A: no striking features
a: no special abilities


You were on level 2 of the Dungeon.
You visited 1 branch of the dungeon, and saw 2 of its levels.

You collected 16 gold pieces.


   Skills:
 - Level 1.5 Fighting
 + Level 7.0 Ranged Weapons
 - Level 2.4 Dodging
 - Level 1.2 Stealth


You had 2 spell levels left.
You didn't know any spells.
Your spell library was empty.

Inventory:

Hand Weapons
 Y - a +0 shortbow (weapon)
Armour
 f - a +0 scale mail (worn)
Scrolls
 e - 2 scrolls of teleportation

Dungeon Overview and Level Annotations

Branches:
Dungeon (2/15)

Altars:

Annotations:
D:2 Natasha


Message History

Enter note:
Enter note:
Enter note: You shoot an arrow.
The arrow barely misses Natasha.
Natasha claws you but does no damage.
You shoot an arrow. The arrow hits Natasha.
Natasha is lightly wounded.
Natasha claws you but does no damage. Natasha claws you.
You shoot an arrow. The arrow hits Natasha!
Natasha is severely wounded.
Natasha closely misses you.
You shoot an arrow.
The arrow hits Natasha but does no damage.
Natasha is severely wounded.
Natasha barely misses you.
You shoot an arrow. The arrow hits Natasha.
Natasha is almost dead.
Natasha mumbles some strange words.
Natasha claws you.
You shoot an arrow. The arrow closely misses Natasha.
The arrow hits the rat.
The rat is moderately wounded.
Natasha casts a spell at you. The magic dart hits you.
The rat twitches its whiskers.
You shoot an arrow. The arrow closely misses Natasha.
The arrow completely misses the rat.
Natasha claws you but does no damage.
The cerulean imp hits you but does no damage. x2
Natasha claws you.
You shoot an arrow. The arrow misses Natasha.
The arrow closely misses the rat.
Natasha howls an incantation.
You feel disoriented. Natasha claws you.
The cerulean imp hits you from afar with a +2 spear.
856 ||| READING 3 scrolls of teleportation.
As you read the scroll of teleportation, it crumbles to dust.
You feel strangely unstable.
The cerulean imp hits you but does no damage.
Natasha claws you.
You die...

# #.# #.# #%# ######
####.#### #....#
#...%...# #....#
#.......####....# ####
#...............# ....#
#...............##.....#
#...............@hr.....
#...............##5....#
#...............# .$..#
#.......####....# ...#
#.......# ###### ..#
#.......# ##


You could see Natasha, a cerulean imp (summoned) and a rat.

Vanquished Creatures
  An adder (D:2)
  A dart slug (D:1)
  3 bats (D:1)
  6 endoplasms (D:1)
  2 giant cockroaches (D:1)
  4 jackals (D:2)
  A quokka (D:1)
  2 ball pythons
  6 goblins
  3 rats
29 creatures vanquished.

Notes
Turn   | Place    | Note
-------+----------+-------------------------------------------
     0 | D:1      | qw the Deep Elf Hunter began the quest for the Orb.
     0 | D:1      | Reached XP level 1. HP: 12/12 MP: 3/3
     0 | D:1      | 0 ||| qw: Version: 0.3-a-9-g12657ce
     0 | D:1      | 0 ||| qw: Game counter: 2726
     0 | D:1      | 0 ||| qw: Always use a shield: true
     0 | D:1      | 0 ||| qw: God list: Okawaru
     0 | D:1      | 0 ||| qw: Allow faded altars: false
     0 | D:1      | 0 ||| qw: Do Orc after D:15 true
     0 | D:1      | 0 ||| qw: Do second Lair branch before Depths: true
     0 | D:1      | 0 ||| qw: Lair rune preference: random
     0 | D:1      | 0 ||| qw: Plans: Normal
     0 | D:1      | 0 ||| PLANNING D:1-11
    90 | D:1      | Reached skill level 6 in Ranged Weapons
    90 | D:1      | Reached XP level 2. HP: 16/16 MP: 4/4
   193 | D:1      | 193 ||| FLEEEEING.
   194 | D:1      | 194 ||| FLEEEEING.
   195 | D:1      | 195 ||| FLEEEEING.
   534 | D:1      | 534 ||| UPGRADING to +0 scale mail.
   544 | D:1      | 544 ||| DROPPING +0 leather armour.
   545 | D:1      | 545 ||| READING scroll labelled FYGARID GEALUCYDI.
   546 | D:1      | 546 ||| READING 2 scrolls labelled LOMUNA WOHAA.
   549 | D:1      | 549 ||| READING scroll labelled OLIREO GIGIME.
   550 | D:1      | 550 ||| READING scroll labelled CAYW ZANOUNEIDGH.
   551 | D:1      | 551 ||| DROPPING scroll of butterflies.
   616 | D:2      | Reached XP level 3. HP: 17/20 MP: 5/5
   831 | D:2      | Reached skill level 7 in Ranged Weapons
   847 | D:2      | Noticed Natasha
   855 | D:2      | HP: 5/20 [cerulean imp/+2 spear[Natasha] (1)]
   856 | D:2      | 856 ||| READING 3 scrolls of teleportation.
   856 | D:2      | Slain by Natasha

Levels and vault maps discovered:
D:1:      eino_arrival_water_star, layout_basic, moated_statue
D:2:      layout_basic, minmay_cut_off, uniq_natasha

Skill      XL: |  1  2  3 |
---------------+----------+-----
Ranged Weapons | 6 7 |  7.0
Fighting       | |  1.5
Dodging        | |  2.4
Stealth        | |  1.2

Action                     || total
---------------------------++-------
   Fire: Shortbow          ||    76
    Use: Scroll            ||     5
 Armour: Scale mail        ||    19
         Leather armour    ||     1
  Dodge: Dodged            ||    21

Table legend:
 A = Non-vault XP
 B = Vault XP
 C = Vault XP percentage of total XP
 D = Non-vault monster count
 E = Vault monster count
 F = Vault count percentage of total count
                 A         B        C        D         E       F
            +---------+---------+-------+---------+---------+-------
      Total |      63 |       0 |   0.0 |      29 |       0 |   0.0
            +---------+---------+-------+---------+---------+-------
        D:1 |      35 |       0 |   0.0 |      19 |       0 |   0.0
        D:2 |      28 |       0 |   0.0 |      10 |       0 |   0.0
            +---------+---------+-------+---------+---------+-------
